 Dungeon Crawl Stone Soup version 0.21.1-1-g345015f (webtiles) character file.

411097 Yawgmoth the Devastator (level 23, -3/210 HPs)
             Began as a Naga Wizard on Feb 18, 2018.
             Was the Champion of Vehumet.
             Shot with a bolt by a yaktaur (15 damage)
             ... led by a vault warden
             ... on level 4 of the Vaults on Feb 19, 2018.
             The game lasted 07:15:07 (65086 turns).

Yawgmoth the Devastator (Naga Wizard)              Turns: 65086, Time: 07:15:08

Health: -3/210     AC: 22    Str: 10    XL:     23   Next: 51%
Magic:  25/45      EV:  7    Int: 33    God:    Vehumet [******]
Gold:   2326       SH:  0    Dex:  7    Spells: 6/58 levels left

rFire    + + .     SeeInvis +   F - staff of energy {@w1+MP, hungerless spells, !d!a}
rCold    + . .     Gourm    .   (no shield)
rNeg     . . .     Faith    .   h - +1 robe {Archmagi}
rPois    +         Spirit   .   Z - +2 helmet of Oneoxesa {Int+3}
rElec    +         Reflect  .   H - +0 cloak {MR+}
rCorr    .         Harm     .   J - +0 pair of gloves "Qeutwo" {rC+}
MR       +++..                  p - +4 naga barding {rF+}
Stlth    ++........             r - amulet of magic regeneration
HPRegen  0.45/turn              g - ring of fire {rF+, rC-}
MPRegen  0.54/turn              W - ring of Wyfyrche {rElec rPois rC+ Int+2 Dex-3}

@: about to teleport, hasted (expiring), studying Unarmed Combat, quick
A: large, see invisible, deformed body, poison resistance, slowness 2, slow
metabolism 1, spit poison 1, constrict 1, AC +7
}: 2/15 runes: decaying, serpentine
a: Spit Poison, Renounce Religion


You were on level 4 of the Vaults.
You worshipped Vehumet.
Vehumet was exalted by your worship.
You were hungry.

You visited 8 branches of the dungeon, and saw 39 of its levels.
You visited the Abyss 1 time.
You also visited: Labyrinth, Ice Cave and Desolation.

You collected 3935 gold pieces.
You spent 1609 gold pieces at shops.

Inventory:

Hand Weapons
 m - a +9 quarterstaff of chaos
   (You took it off Crazy Yiuf on level 2 of the Dungeon)
 V - the +4 rapier of Juit {flame, MR++ Str+7 Dex-3}
   (You found it on level 3 of the Elven Halls)

   It has been specially enchanted to burn those struck by it, causing extra
   injury to most foes and up to half again as much damage against particularly
   susceptible opponents.
   It affects your strength (+7).
   It affects your dexterity (-3).
   It affects your resistance to hostile enchantments.
Missiles
 N - 2 throwing nets {=f, !d}
Armour
 f - +5 steam dragon scales
   (You found it on level 11 of the Dungeon)
 h - a +1 robe of the Archmagi (worn)
   (You took it off an ogre mage on level 1 of the Vaults)
 p - a +4 naga barding of fire resistance (worn)
   (You took it off Vashnia on level 3 of the Snake Pit)
 E - the +7 Kryia's mail coat {PotionHeal*2 rC+}
   (You found it in the Desolation of Salt)

   It protects you from cold.
 H - a +0 cloak of magic resistance (worn)
   (You found it in the Desolation of Salt)
 J - the +0 pair of gloves "Qeutwo" (worn) {rC+}
   (You bought it in a shop on level 6 of the Dungeon)

   It protects you from cold.
 Z - the +2 helmet of Oneoxesa (worn) {Int+3}
   (You bought it in a shop on level 9 of the Dungeon)

   It affects your intelligence (+3).
Magical Staves
 y - an uncursed staff of conjuration {!a}
   (You found it on level 14 of the Dungeon)
 F - an uncursed staff of energy (weapon) {@w1+MP, hungerless spells, !d!a}
   (You found it on level 3 of the Elven Halls)
Jewellery
 b - an uncursed ring of resist corrosion
   (You took it off an orc wizard on level 7 of the Dungeon)
 c - an uncursed ring of protection from magic {MR+, !d}
   (You found it on level 1 of the Vaults)
 g - a ring of fire (left hand) {rF+, rC-}
   (You found it on level 2 of the Lair of Beasts)
 r - an amulet of magic regeneration (around neck)
   (You found it on level 2 of the Snake Pit)
 W - the ring of Wyfyrche (right hand) {rElec rPois rC+ Int+2 Dex-3}
   (You took it off a deep elf knight on level 3 of the Elven Halls)

   [ring of protection from cold]

   It affects your intelligence (+2).
   It affects your dexterity (-3).
   It protects you from cold.
   It insulates you from electricity.
   It protects you from poison.
Wands
 e - a wand of disintegration (18)
   (You found it on level 1 of the Vaults)
 k - a wand of clouds (5)
   (You found it on level 15 of the Dungeon)
 q - a wand of iceblast (66)
   (You took it off Ijyb on level 3 of the Dungeon)
 x - a wand of flame (26)
   (You found it on level 1 of the Vaults)
 B - a wand of digging (20)
   (You found it in a labyrinth)
 G - a wand of acid (12)
   (You found it on level 6 of the Dungeon)
 T - a wand of enslavement (11)
   (You found it on level 2 of the Vaults)
Scrolls
 t - 3 scrolls of fog
 w - 7 scrolls of teleportation
 A - a scroll of brand weapon
 I - 3 scrolls of identify
 K - a scroll of fear
 P - a scroll of torment {!r}
 Y - 13 scrolls of remove curse
Potions
 a - 4 potions of ambrosia
 j - 2 potions of might
 s - 7 potions of haste
 v - a potion of berserk rage {!q}
 z - 4 potions of brilliance
 D - 6 potions of flight
 R - 7 potions of curing
Books
 u - a book of Spatial Translocations
   (You found it on level 3 of the Vaults)
 C - a manual of Unarmed Combat {!d}
   (You found it in a labyrinth)
Miscellaneous
 i - a crystal ball of energy
   (You found it on level 12 of the Dungeon)
 l - a phial of floods
   (You found it on level 3 of the Elven Halls)
 M - a lamp of fire
   (You found it on level 3 of the Elven Halls)
 O - 2 boxes of beasts
 Q - a phantom mirror
 S - a fan of gales
   (You found it on level 6 of the Lair of Beasts)
 X - 2 sacks of spiders
Comestibles
 d - 17 rations
 n - 4 chunks of flesh {@w0}


   Skills:
 - Level 13.2 Fighting
 - Level 1.5 Dodging
 - Level 3.0 Stealth
   Level 5.0 Shields
 - Level 18.1 Spellcasting
 + Level 19.5 Conjurations
 - Level 1.0 Summonings
 - Level 1.0 Translocations
 + Level 13.7 Fire Magic
 + Level 16.0 Earth Magic
 - Level 16.1 Evocations


You had 6 spell levels left.
You knew the following spells:

 Your Spells              Type           Power        Failure   Level  Hunger
a - Magic Dart            Conj           ####         0%          1    None
b - Blink                 Tloc           N/A          1%          2    None
c - Fireball              Conj/Fire      ########..   1%          5    None
d - Bolt of Magma         Conj/Fire/Erth ########..   1%          5    None
e - Iron Shot             Conj/Erth      ########..   1%          6    None
f - Orb of Destruction    Conj           ########..   1%          7    None
g - Apportation           Tloc           ######       1%          1    None
h - Ignition              Fire           ########..   8%          8    None
i - Shatter               Erth           ########..   28%         9    None
j - Passage of Golubria   Tloc           N/A          9%          4    None
z - Spectral Weapon       Hex/Chrm       #####...     3%          3    None
B - Summon Butterflies    Summ           ######..     1%          1    None


Dungeon Overview and Level Annotations

Branches:
Dungeon (15/15)            Temple (1/1) D:6            Lair (6/6) D:11
  Swamp (4/4) Lair:2        Snake (4/4) Lair:3        Slime (0/5) Lair:5
    Orc (2/2) D:9             Elf (3/3) Orc:2        Vaults (4/5) D:14
  Crypt (0/3) Vaults:2     Depths (0/5) D:15

Altars:
Ashenzari
Cheibriados
Dithmenos
Elyvilon
Fedhas
Gozag
Hepliaklqana
Kikubaaqudgha
Makhleb
Nemelex Xobeh
Okawaru
Qazlal
Ru
Sif Muna
Trog
Uskayaw
Vehumet
Wu Jian
Xom
Yredelemnul
Zin
The Shining One
Beogh
Jiyva

Shops:
D:6 [   D:9 [   D:10 [   Orc:2 *[[(   Elf:2 :?   Snake:2 }=}?   Snake:3 (
Vaults:1 [   Vaults:3 *

Annotations:
D:4 Frank's ghost, amateur OpFi


Innate Abilities, Weirdness & Mutations

You cannot wear boots.
Your serpentine skin is tough. (AC +7)
You have supernaturally acute eyesight. (SInv)
Armour fits poorly on your strangely shaped body.
Your system is resistant to poisons. (rPois)
You cover ground very slowly.
You have a slow metabolism.
You can spit poison.
You can use your snake-like lower body to constrict enemies.


Message History

* * * LOW HITPOINT WARNING * * *
The vault warden activates a sealing rune.
You hear a shout! x2
You take 4 damage, and have 1/210 hp.
You now have 30/45 mp.
You feel better.
A yaktaur opens the door.
The vault warden activates a sealing rune.
A door slams shut!
You regained 7 hp, and now have 8/210 hp.
Something unseen opens the door.
A yaktaur opens the door.
The vault warden activates a sealing rune.
The doors slam shut!
Aim: a vault warden, wielding an arbalest and wearing a plate armour (severely wounded)
Okay, then.
Unknown command.
Aim: a vault warden, wielding an arbalest and wearing a plate armour (severely wounded)
Okay, then.
Unknown command.
Unknown command.
Unknown command.
Aim: a vault warden, wielding an arbalest and wearing a plate armour (severely wounded)
Okay, then.
Unknown command.
Unknown command.
Aim: a vault warden, wielding an arbalest and wearing a plate armour (severely wounded)
Okay, then.
Unknown command.
Save game and exit?
Welcome back, Yawgmoth the Naga Wizard.
Vehumet says: Let it end in hellfire!
Aim: a vault warden, wielding an arbalest and wearing a plate armour (severely wounded)
You feel a surge of power!
The iron shot hits the vault warden.
You kill the vault warden!
Vehumet accepts your kill.
You feel your power returning.
The runic seals fade away.
You now have 28/45 mp.
As you read the scroll of fog, it crumbles to dust.
The scroll dissolves into smoke.
A yaktaur opens the door.
Something unseen opens the door.
A yaktaur comes into view.
Okay, then.
Unknown command.
Unknown command.
Okay, then.
You feel better.
The yaktaur wields an arbalest.
The yaktaur shoots a bolt.
The bolt hits you!
* * * LOW HITPOINT WARNING * * *
You hear a shout! x2
You take 3 damage, and have 6/210 hp.
Okay, then.
Unknown command.
Unknown command.
Unknown command.
Unknown command.
Unknown command.
Unknown command.
You feel better.
You regained 5 hp, and now have 11/210 hp. 2 yaktaurs come into view.
The yaktaur wields an arbalest.
The yaktaur shoots a bolt.
The bolt closely misses you.
The yaktaur wields an arbalest.
The yaktaur shoots a bolt.
The bolt hits you!
* * * LOW HITPOINT WARNING * * *
The yaktaur hits your butterfly with an arbalest!
Your butterfly dies!
You see here a bolt.
You take 7 damage, and have 4/210 hp.
You feel a strong surge of power!
The air bursts into flame!
The fireball engulfs the fire giant.
The fire giant resists.
The fireball engulfs the yaktaur. x4
You kill the yaktaur!
Vehumet accepts your kill.
You feel your power returning.
The fireball engulfs the yaktaur.
You hear a shout!
You now have 25/45 mp.
You feel a surge of power!
You blink.
Your extra speed is starting to run out.
You now have 23/45 mp.
Okay, then.
Unknown command.
Okay, then.
Unknown command.
Okay, then.
Okay, then.
As you read the scroll of fear, it crumbles to dust.
You assume a fearsome visage.
The yaktaur looks frightened! x2
As you open the door, it creaks loudly!
A yaktaur and a yaktaur captain come into view.
There is an open door here.
As you read the scroll of fog, it crumbles to dust.
The scroll dissolves into smoke.
As you read the scroll of teleportation, it crumbles to dust.
You feel strangely unstable.
The fire giant gestures at you while chanting.
The bolt of fire hits you! You resist.
* * * LOW HITPOINT WARNING * * *
You take 4 damage, and have 2/210 hp.
You feel better.
The yaktaur wields an arbalest.
The yaktaur shoots a bolt.
The bolt hits you!
You die...

#.. #..### #....# .. #....###...
#.......# #.......#
#######+#####'####
#......§#§§......#
#......§@§§......#
#.....§§#§§......#
#.......#c§......########
#.......#........#......# #######
#.....C.#c.......'......#
......#######p###........#......#
...##.##.§§§(.§†#...(....#......#
......##.§§§§c§)c..†(....#......#
#).#####.§§§§b§.##########......'


You could see a fire giant, a vault guard and 2 yaktaurs.

Vanquished Creatures
  Mara (Swamp:4)
  the Lernaean hydra (Swamp:4)
  Vashnia (Snake:3)
  Saint Roka (Elf:3)
  Frederick (Vaults:4)
  The ghost of czar the Earth Mage, a veteran GrEE of Vehumet (Vaults:2)
  Rupert (Orc:2)
  The ghost of CLM the End of an Era, an adept HOFi of Qazlal (Snake:4)
  2 deep elf blademasters (Elf:3)
  2 deep elf master archers (Elf:3)
  Agnes (Snake:2)
  Frances (Snake:1)
  A sphinx (Vaults:2)
  A tentacled starspawn (Abyss:3)
  3 thorn hunters
  Donald (Snake:3)
  A tengu reaver (Vaults:1)
  8 nagarajas
  A frost giant (Vaults:1)
  A fire giant (Vaults:3)
  6 deep elf sorcerers
  9 vault wardens
  Aizul (Snake:2)
  A juggernaut zombie (D:15)
  5 deep elf elementalists (Elf:3)
  Louise (Elf:2)
  An imperial myrmidon (Desolation)
  A war gargoyle (Vaults:1)
  The ghost of Scuka the Grappler, a journeyman TrMo of Trog (Lair:5)
  6 deep elf demonologists
  2 very ugly things (IceCv)
  7 ironheart preservers
  A stone giant (Orc:1)
  7 deep elf annihilators
  2 entropy weavers
  Azrael (Snake:3)
  3 deep elf death magi (Elf:3)
  4 crystal guardians (Desolation)
  An ettin (Vaults:4)
  3 fire dragons
  A minotaur (Lab)
  11 ragged hierophants (Desolation)
  7 ogre magi
  6 yaktaur captains
  Josephine (Lair:5)
  8 servants of whispers
  3 vault guards (Vaults:4)
  4 great orbs of eyes
  22 hydras
  5 peacekeepers (Desolation)
  4 ice dragons
  3 rakshasas
  2 catoblepae
  15 naga warriors
  5 centaur warriors
  A ghost crab (Swamp:4)
  30 two-headed ogres
  8 anacondas
  4 death knights
  12 alligators
  5 death yaks (Lair:5)
  2 tengu warriors (D:13)
  33 dancing weapons
  7 shock serpents
  2 thrashing horrors (Abyss:3)
  24 deep elf knights
  Sonja (Lair:4)
  2 wretched stars (Abyss:3)
  An orc high priest (Elf:3)
  22 naga sharpshooters
  A shadow wraith (Vaults:4)
  A fire crab (Lair:6)
  2 glowing orange brains
  2 salamander mystics (Snake:3)
  19 skeletal warriors
  An obsidian statue (Vaults:3)
  6 unseen horrors
  The ghost of Dioder the Zephyrmancer, a novice DrAE (D:8)
  2 large abominations
  The ghost of jazmu the Magician, a novice FoSk (D:10)
  10 swamp dragons
  11 deep elf archers
  An unseen horror (shapeshifter) (Vaults:1)
  An orange crystal statue (D:12)
  4 wizards
  8 orc knights
  4 shambling mangroves
  11 naga ritualists
  3 phantasmal warriors
  3 lindwurms (Swamp:4)
  2 necromancers
  A fire giant zombie (Vaults:3)
  3 wolf spiders
  74 deep elf magi
  16 ironbrand convokers
  17 mana vipers
  3 orc sorcerers
  45 ugly things
  2 orb spiders (shapeshifter)
  3 cyclopes
  2 manticores (D:14)
  6 ice statues
  10 salamanders
  33 black mambas
  2 centaur zombies (D:14)
  5 elephants (Lair:4)
  30 naga magi
  A smoke demon (Abyss:3)
  16 vault sentinels
  A torpor snail (Lair:4)
  A black mamba (shapeshifter) (D:15)
  6 guardian serpents
  13 spiny frogs
  3 molten gargoyles
  A human zombie (Vaults:3)
  2 yaktaur zombies
  A gargoyle (D:13)
  An apocalypse crab (Abyss:3)
  12 komodo dragons
  3 efreet
  3 rime drakes
  A kobold demonologist (D:12)
  31 yaktaurs
  5 freezing wraiths
  12 trolls
  A minotaur zombie (Lab)
  An ancient zyme (Abyss:3)
  13 hornets
  2 jumping spiders (Vaults:4)
  A hornet (shapeshifter) (Vaults:1)
  10 tyrant leeches
  A harpy skeleton (D:14)
  71 saltlings
  8 hippogriffs
  33 slime creatures
  Prince Ribbit (D:6)
  9 bog bodies
  5 raiju (Abyss:3)
  7 blink frogs (Lair:6)
  A human simulacrum (Vaults:1)
  A starcursed mass (Elf:3)
  A vampire (Abyss:3)
  2 air elementals
  3 shadows
  2 tarantellas
  A dire elephant simulacrum (IceCv)
  3 redbacks
  6 spriggans
  3 water elementals
  A redback (shapeshifter) (Vaults:1)
  4 wyverns (Lair:6)
  9 wraiths
  A yak (shapeshifter) (Vaults:3)
  4 hogs (D:7)
  A hog (shapeshifter) (Vaults:1)
  9 basilisks
  2 ettin skeletons (D:15)
  14 humans
  20 yaks
  A basilisk (shapeshifter) (Vaults:1)
  4 fire elementals
  3 hungry ghosts
  2 steam dragons
  A chaos spawn (Abyss:3)
  A small abomination (Abyss:3)
  19 vampire mosquitoes
  A neqoxec (Abyss:3)
  4 harpy simulacra (IceCv)
  Edmund (D:6)
  5 insubstantial wisps (Swamp:2)
  A soldier ant (shapeshifter) (Vaults:1)
  An iron troll simulacrum (IceCv)
  3 wargs
  19 swamp worms
  2 acid dragons
  10 water moccasins
  3 hydra simulacra (IceCv)
  43 nagas
  9 hell hounds
  44 orc warriors
  8 porcupines
  An eye of draining (D:14)
  9 swamp drakes
  A fire dragon simulacrum (Abyss:3)
  20 ice beasts
  4 sky beasts
  2 black bears
  8 boggarts
  4 phantoms
  A tengu (shapeshifter) (Vaults:4)
  26 ogres
  A necrophage (D:7)
  15 centaurs
  36 crocodiles
  2 big kobolds
  Blork the orc (D:6)
  2 earth elementals
  A gnoll sergeant (D:8)
  18 bullfrogs
  A wyvern skeleton (D:13)
  3 scorpions
  22 killer bees
  An orc simulacrum (Vaults:2)
  15 wights
  3 electric eels
  3 howler monkeys (D:11)
  3 lava snakes (Lair:6)
  7 crimson imps
  3 bullfrog zombies
  A quasit (D:13)
  4 centaur skeletons
  Crazy Yiuf (D:2)
  6 hounds
  3 jellies
  2 bullfrog skeletons
  12 orc priests
  5 iguanas
  Ijyb (D:3)
  17 orc wizards
  13 worker ants
  5 hell rats (Lair:3)
  A killer bee zombie (D:8)
  A worker ant zombie (D:11)
  Robin (D:2)
  8 gnolls
  6 adders
  3 shadow imps
  4 white imps
  An ooze (D:1)
  An adder zombie (D:9)
  An adder skeleton (D:6)
  5 worms
  3 dart slugs
  12 leopard geckos
  76 orcs
  2 ball pythons
  5 bats
  4 giant cockroaches
  10 goblins
  12 hobgoblins
  16 jackals
  36 kobolds
  7 quokkas
  A ball python zombie (D:6)
  8 frilled lizards
  A leopard gecko skeleton (D:4)
  A quokka zombie (D:6)
  7 rats
  3 crawling corpses (Elf:3)
  2 withered plants (D:15)
1761 creatures vanquished.

Vanquished Creatures (collateral kills)
  2 dancing weapons (Elf:2)
  A deep elf knight (Elf:2)
  An ugly thing (Vaults:2)
  A wyvern (D:14)
  3 humans (D:14)
  An orc wizard (D:9)
9 creatures vanquished.

Vanquished Creatures (others)
  A killer bee (D:8)
  An orc priest (D:9)
  A jelly (D:13)
  A bush (Lair:3)
  11 fungi
  15 plants
  9 spectral weapons
39 creatures vanquished.

Grand Total: 1809 creatures vanquished

Notes
Turn   | Place    | Note
-------+----------+-------------------------------------------
     0 | D:1      | Yawgmoth the Naga Wizard began the quest for the Orb.
     0 | D:1      | Reached XP level 1. HP: 15/15 MP: 4/4
   352 | D:1      | Reached skill level 2 in Conjurations
   352 | D:1      | Reached XP level 2. HP: 14/22 MP: 0/6
  1191 | D:2      | Learned a level 2 spell: Blink
  1209 | D:2      | Reached XP level 3. HP: 28/28 MP: 1/7
  1318 | D:2      | Reached skill level 3 in Conjurations
  2170 | D:2      | Reached XP level 4. HP: 36/36 MP: 4/8
  2172 | D:2      | Noticed Robin
  2200 | D:2      | Killed Robin
  2200 | D:2      | Reached skill level 4 in Conjurations
  2205 | D:2      | HP: 7/36 [goblin/club[Robin] (8)]
  2212 | D:2      | HP: 6/36 [goblin/club[Robin] (2)]
  2554 | D:2      | Learned a level 3 spell: Mephitic Cloud
  2566 | D:2      | Found a runed door.
  2570 | D:2      | Noticed Crazy Yiuf
  2578 | D:2      | Killed Crazy Yiuf
  2987 | D:3      | Reached XP level 5. HP: 42/42 MP: 3/9
  3065 | D:3      | Noticed Ijyb
  3076 | D:3      | Killed Ijyb
  3076 | D:3      | Reached skill level 5 in Conjurations
  3757 | D:4      | Got a brightly glowing dagger
  3766 | D:4      | Identified the +6 dagger of Indomitability {pierce, Str+2} (You found it on level 4 of the Dungeon)
  3842 | D:4      | Noticed an ogre
  3847 | D:4      | Killed an ogre
  3847 | D:4      | Reached skill level 6 in Conjurations
  3847 | D:4      | Reached XP level 6. HP: 49/49 MP: 3/10
  3885 | D:4      | Noticed Frank's ghost (amateur OpFi)
  4608 | D:5      | Entered Level 5 of the Dungeon
  4646 | D:5      | Noticed an ice beast
  4658 | D:5      | Killed an ice beast
  4658 | D:5      | Reached skill level 1 in Fighting
  4776 | D:5      | Reached skill level 2 in Fighting
  5033 | D:5      | Noticed a phantom
  5045 | D:5      | Killed a phantom
  5045 | D:5      | Reached skill level 4 in Spellcasting
  5045 | D:5      | Reached XP level 7. HP: 61/61 MP: 2/13
  5156 | D:5      | Reached skill level 3 in Fighting
  5306 | D:5      | Found a shimmering altar of Xom.
  5675 | D:5      | Found a shadowy altar of Dithmenos.
  6384 | D:6      | Reached skill level 4 in Fighting
  6653 | D:6      | Noticed Edmund
  6842 | D:6      | Killed Edmund
  6842 | D:6      | Reached skill level 5 in Spellcasting
  6842 | D:6      | Reached XP level 8. HP: 73/73 MP: 15/15
  6988 | D:6      | Found Paekid's Armour Shoppe.
  7057 | D:6      | Bought the cursed +0 pair of gloves "Qeutwo" {rC+} for 217 gold pieces
  7097 | D:6      | Reached skill level 5 in Fighting
  7192 | D:6      | Found a staircase to the Ecumenical Temple.
  7239 | Temple   | Entered the Ecumenical Temple
  7402 | Temple   | Became a worshipper of Vehumet
  7598 | D:6      | Noticed Prince Ribbit
  7604 | D:6      | Noticed Blork the orc
  7919 | D:6      | Killed Blork the orc
  8267 | D:6      | Killed Prince Ribbit
  8267 | D:6      | Reached skill level 6 in Spellcasting
  8823 | D:7      | Reached skill level 6 in Fighting
  9140 | D:7      | Reached XP level 9. HP: 38/85 MP: 3/19
  9141 | D:7      | Reached skill level 7 in Spellcasting
  9144 | D:7      | Reached skill level 7 in Fighting
  9492 | D:7      | Noticed a moth of wrath
  9495 | D:7      | Found a bloodstained altar of Trog.
  9691 | D:7      | Found a deep blue altar of Sif Muna.
 10089 | D:8      | Noticed Dioder's ghost (novice DrAE)
 10695 | D:8      | Killed Dioder's ghost
 10695 | D:8      | Reached skill level 8 in Fighting
 10695 | D:8      | Reached skill level 8 in Spellcasting
 11286 | D:8      | Reached XP level 10. HP: 95/98 MP: 6/22
 11630 | D:8      | Reached skill level 9 in Fighting
 11640 | D:8      | Reached * piety under Vehumet
 11640 | D:8      | Offered knowledge of Sandblast by Vehumet.
 11863 | D:8      | Reached skill level 9 in Spellcasting
 12020 | D:9      | Found a sacrificial altar of Ru.
 12147 | D:9      | Found a snail-covered altar of Cheibriados.
 12449 | D:9      | Found a staircase to the Orcish Mines.
 12611 | D:9      | Found Oveixkoi's Armour Shoppe.
 12979 | D:9      | Bought the +2 helmet of Oneoxesa {Int+3} for 305 gold pieces
 13631 | D:9      | Found a basalt altar of Yredelemnul.
 13631 | D:9      | Found a hide-covered altar of Uskayaw.
 13703 | D:9      | Offered knowledge of Shock by Vehumet.
 13706 | D:9      | Learned a level 1 spell: Shock
 13914 | D:10     | Entered Level 10 of the Dungeon
 13938 | D:10     | Reached ** piety under Vehumet
 14068 | D:10     | Found Pag Ovorph's Armour Emporium.
 14100 | D:10     | Reached skill level 10 in Fighting
 14599 | D:10     | Noticed jazmu's ghost (novice FoSk)
 14635 | D:10     | HP: 25/102 [jazmu's ghost (6)]
 15054 | D:10     | Learned a level 5 spell: Bolt of Magma
 15061 | D:10     | Learned a level 6 spell: Iron Shot
 15069 | D:10     | Learned a level 7 spell: Orb of Destruction
 15180 | D:9      | Reached skill level 1 in Fire Magic
 15492 | D:10     | Reached skill level 10 in Spellcasting
 15492 | D:10     | Reached skill level 7 in Conjurations
 15507 | D:10     | Offered knowledge of Throw Flame by Vehumet.
 15625 | D:10     | Killed jazmu's ghost
 15625 | D:10     | Reached skill level 2 in Fire Magic
 15625 | D:10     | Reached skill level 1 in Earth Magic
 15625 | D:10     | Reached XP level 11. HP: 93/108 MP: 4/25
 15805 | D:10     | Reached skill level 2 in Earth Magic
 16371 | D:11     | Reached skill level 3 in Fire Magic
 16373 | D:11     | Noticed a five-headed hydra
 16379 | D:11     | Killed a five-headed hydra
 16379 | D:11     | Reached skill level 3 in Earth Magic
 16588 | D:11     | Reached *** piety under Vehumet
 16725 | D:11     | Noticed a two-headed ogre
 16730 | D:11     | Killed a two-headed ogre
 16730 | D:11     | Reached skill level 8 in Conjurations
 16735 | D:11     | Reached skill level 4 in Fire Magic
 16846 | D:11     | Noticed a purple ugly thing
 16847 | D:11     | Noticed a white ugly thing
 17034 | D:11     | Noticed a green ugly thing
 17043 | D:11     | Killed a green ugly thing
 17181 | D:11     | HP: 23/108 [orc warrior/glaive (16)]
 17513 | D:11     | Reached skill level 4 in Earth Magic
 17513 | D:11     | Found a staircase to the Lair.
 17664 | D:11     | Noticed a two-headed ogre
 17670 | D:11     | Killed a two-headed ogre
 17791 | D:11     | Noticed a two-headed ogre
 17802 | D:11     | Killed a two-headed ogre
 17802 | D:11     | Reached skill level 5 in Fire Magic
 18178 | D:11     | Noticed an unseen horror
 18180 | D:11     | Killed an unseen horror
 18180 | D:11     | Offered knowledge of Stone Arrow by Vehumet.
 18180 | D:11     | Reached skill level 5 in Earth Magic
 18447 | D:11     | Killed a purple ugly thing
 18447 | D:11     | Reached skill level 9 in Conjurations
 18459 | D:11     | Killed a red ugly thing
 18665 | D:11     | Reached XP level 12. HP: 93/116 MP: 20/26
 18938 | Lair:1   | Entered Level 1 of the Lair of Beasts
 18970 | Lair:1   | Reached skill level 6 in Fire Magic
 18989 | Lair:1   | Noticed a seven-headed hydra
 18993 | Lair:1   | Killed a seven-headed hydra
 18993 | Lair:1   | Reached skill level 6 in Earth Magic
 19213 | Lair:1   | Learned a level 1 spell: Summon Butterflies
 19215 | Lair:1   | Learned a level 1 spell: Apportation
 19654 | Lair:1   | Learned a level 5 spell: Fireball
 19992 | Lair:1   | Reached **** piety under Vehumet
 20185 | Lair:1   | Offered knowledge of Static Discharge by Vehumet.
 20205 | Lair:1   | Reached skill level 7 in Fire Magic
 20878 | Lair:2   | Noticed a six-headed hydra
 20895 | Lair:2   | Killed a six-headed hydra
 20895 | Lair:2   | Reached skill level 10 in Conjurations
 20895 | Lair:2   | Reached skill level 7 in Earth Magic
 20898 | Lair:2   | Noticed a seven-headed hydra
 20902 | Lair:2   | Killed a seven-headed hydra
 21388 | Lair:2   | Noticed an ice dragon
 21391 | Lair:2   | Killed an ice dragon
 21391 | Lair:2   | Reached skill level 8 in Fire Magic
 21809 | Lair:2   | Found a staircase to the Swamp.
 22092 | Lair:2   | Reached skill level 8 in Earth Magic
 22548 | Lair:2   | Identified the Tome of Fiery Intoxication
 23024 | Lair:3   | Gained mutation: You can use your snake-like lower body to constrict enemies. [Naga growth]
 23024 | Lair:3   | Reached XP level 13. HP: 123/123 MP: 20/27
 23272 | Lair:3   | Found a staircase to the Snake Pit.
 23633 | Lair:3   | Reached skill level 11 in Conjurations
 24262 | Lair:4   | Reached skill level 9 in Fire Magic
 24858 | Lair:4   | Reached skill level 9 in Earth Magic
 25124 | Lair:4   | Noticed Sonja
 25125 | Lair:4   | Killed Sonja
 25125 | Lair:4   | Reached ***** piety under Vehumet
 25645 | Lair:5   | Found a shadowy altar of Dithmenos.
 25658 | Lair:5   | Noticed Josephine
 25659 | Lair:5   | Killed Josephine
 25768 | Lair:5   | Noticed Scuka's ghost (journeyman TrMo)
 25794 | Lair:5   | Killed Scuka's ghost
 26474 | Lair:5   | Reached skill level 10 in Fire Magic
 26622 | Lair:5   | Found a staircase to the Slime Pits.
 26622 | Lair:5   | Found a viscous altar of Jiyva.
 26957 | Lair:6   | Entered Level 6 of the Lair of Beasts
 26967 | Lair:6   | Found a labyrinth entrance.
 27006 | Lab      | Entered a labyrinth
 27271 | Lab      | Reached XP level 14. HP: 132/132 MP: 24/28
 27272 | Lab      | Reached skill level 12 in Conjurations
 27341 | Lab      | Reached skill level 10 in Earth Magic
 27457 | Lab      | Got a distressingly furry leather armour
 27482 | Lab      | Identified the +1 leather armour "Ketighay" {MP-9 Str+5 Int+5} (You found it in a labyrinth)
 27514 | Lair:6   | Offered knowledge of Poison Arrow by Vehumet.
 27766 | Lair:6   | Reached skill level 11 in Spellcasting
 28128 | Lair:6   | Got a smoking spear
 28534 | Lair:6   | Learned a level 3 spell: Spectral Weapon
 28620 | Lair:6   | Got an ebony broad axe
 28838 | Lair:6   | Found a large runed door.
 28838 | Lair:6   | Found a large runed door.
 29569 | Orc:1    | Entered Level 1 of the Orcish Mines
 29773 | Orc:2    | Entered Level 2 of the Orcish Mines
 30122 | Orc:2    | Noticed Rupert
 30130 | Orc:2    | Killed Rupert
 30130 | Orc:2    | Reached skill level 11 in Fire Magic
 30402 | Orc:2    | Offered knowledge of Olgreb's Toxic Radiance by Vehumet.
 30452 | Orc:1    | Noticed a stone giant
 30602 | Orc:2    | Reached skill level 11 in Earth Magic
 30874 | Orc:2    | Found a staircase to the Elven Halls.
 31483 | Orc:2    | Found Lociaquko's Antique Armour Emporium.
 31483 | Orc:2    | Found Biatythra's Armour Shop.
 31485 | Orc:2    | Found Yskostri's Weapon Boutique.
 31487 | Orc:2    | Found Ciamiy Yquat's Assorted Antiques.
 31858 | Orc:1    | Reached skill level 1 in Shields
 32276 | Orc:1    | Killed a stone giant
 32276 | Orc:1    | Reached skill level 2 in Shields
 32323 | Orc:1    | Found a roughly hewn altar of Beogh.
 32424 | Orc:2    | Bought a potion of heal wounds for 145 gold pieces
 32426 | Orc:2    | Bought a glowing buckler for 202 gold pieces
 32835 | D:12     | Reached skill level 3 in Shields
 33014 | D:12     | Reached XP level 15. HP: 138/138 MP: 22/30
 33304 | D:12     | Reached skill level 4 in Shields
 33478 | D:12     | Found an ornate altar of the Wu Jian Council.
 33951 | D:13     | Reached skill level 5 in Shields
 34462 | D:13     | Reached skill level 13 in Conjurations
 35765 | D:14     | Got an emerald-encrusted scale mail
 35889 | D:14     | Found a gate to the Vaults.
 35916 | D:14     | Reached skill level 12 in Spellcasting
 36262 | D:15     | Entered Level 15 of the Dungeon
 36465 | D:15     | Offered knowledge of Bolt of Cold by Vehumet.
 36520 | D:15     | Found a staircase to the Depths.
 36630 | D:15     | Reached ****** piety under Vehumet
 36684 | D:15     | Reached skill level 12 in Fire Magic
 36686 | D:15     | Reached skill level 11 in Fighting
 37325 | D:15     | Found a blossoming altar of Fedhas.
 37351 | D:15     | Reached XP level 16. HP: 150/150 MP: 23/32
 37408 | D:15     | Reached skill level 12 in Earth Magic
 37619 | D:15     | Reached skill level 1 in Evocations
 37769 | D:15     | Reached skill level 2 in Evocations
 38165 | Swamp:1  | Entered Level 1 of the Swamp
 38324 | Swamp:1  | Reached skill level 3 in Evocations
 39111 | Swamp:1  | Reached skill level 4 in Evocations
 39618 | Swamp:1  | You fall through a shaft!
 39673 | Swamp:2  | Noticed a thorn hunter
 39676 | Swamp:2  | Killed a thorn hunter
 39676 | Swamp:2  | Reached skill level 14 in Conjurations
 39792 | Swamp:2  | Reached skill level 5 in Evocations
 39866 | Swamp:2  | Got a crystal trident
 39878 | Swamp:2  | Identified the cursed +1 trident of Floods {drain, -Tele rPois MR+ Dex+4} (You found it on level 2 of the Swamp)
 39988 | Swamp:2  | Offered knowledge of Conjure Ball Lightning by Vehumet.
 40760 | Swamp:3  | Noticed a thorn hunter
 40762 | Swamp:3  | Killed a thorn hunter
 40829 | Swamp:3  | Reached skill level 6 in Evocations
 41280 | Swamp:3  | Reached skill level 13 in Spellcasting
 41921 | Swamp:4  | Entered Level 4 of the Swamp
 42064 | Swamp:3  | Reached skill level 7 in Evocations
 42243 | Swamp:4  | Noticed a thorn hunter
 42580 | Swamp:4  | Killed a thorn hunter
 42610 | Swamp:4  | Noticed the 27-headed Lernaean hydra
 42611 | Swamp:4  | Offered knowledge of Freezing Cloud by Vehumet.
 42611 | Swamp:4  | Reached XP level 17. HP: 157/157 MP: 21/34
 42613 | Swamp:4  | Killed the 27-headed Lernaean hydra
 42613 | Swamp:4  | Reached skill level 8 in Evocations
 42744 | Swamp:4  | Noticed Mara
 42815 | Swamp:4  | Got an ichor-stained robe
 42826 | Swamp:4  | Identified the +1 robe of Myosiuno {Regen+} (You found it on level 4 of the Swamp)
 42864 | Swamp:4  | Got a decaying rune of Zot
 42893 | Swamp:4  | Reached skill level 9 in Evocations
 43726 | Swamp:4  | Reached skill level 15 in Conjurations
 43758 | Swamp:4  | Noticed Yawgmoth's illusion
 43911 | Swamp:4  | Killed Mara
 43911 | Swamp:4  | Reached skill level 10 in Evocations
 44027 | Swamp:4  | Offered knowledge of Ozocubu's Refrigeration by Vehumet.
 44524 | Lair:2   | Identified the +1 scale mail of the Sparrow {Dex+3} (You found it on level 14 of the Dungeon)
 44551 | Lair:2   | Identified the cursed +0 broad axe "Wivinycs" {drain, rC+} (You found it on level 6 of the Lair of Beasts)
 44552 | Lair:2   | Identified the +3 spear of Vewebuam {flame, rElec rF+ Str+3} (You found it on level 6 of the Lair of Beasts)
 44641 | Snake:1  | Entered Level 1 of the Snake Pit
 45395 | Snake:1  | Noticed Frances
 45400 | Snake:1  | Killed Frances
 45790 | Snake:2  | Found Toucw's Magic Scroll Shop.
 45794 | Snake:2  | Bought a scroll of magic mapping for 56 gold pieces
 45794 | Snake:2  | Bought a scroll of teleportation for 48 gold pieces
 45794 | Snake:2  | Bought a scroll of teleportation for 48 gold pieces
 45984 | Snake:2  | Reached skill level 11 in Evocations
 46091 | Snake:2  | Noticed Aizul
 46100 | Snake:2  | Killed Aizul
 46100 | Snake:2  | Reached skill level 14 in Spellcasting
 46347 | Snake:2  | Reached XP level 18. HP: 165/165 MP: 34/36
 46801 | Snake:2  | Noticed Agnes
 46806 | Snake:2  | Killed Agnes
 46930 | Snake:2  | Found Qis Dan's Gadget Shop.
 46930 | Snake:2  | Found Xiuroili's Jewellery Shoppe.
 46932 | Snake:2  | Found Kokemiev's Gadget Shop.
 47153 | Snake:3  | Found Wiynirir's Weapon Boutique.
 47616 | Snake:3  | Reached skill level 12 in Evocations
 47635 | Snake:3  | Noticed Azrael
 47637 | Snake:3  | Killed Azrael
 48222 | Snake:3  | Offered knowledge of Bolt of Fire by Vehumet.
 49089 | Snake:3  | Noticed Donald
 49091 | Snake:3  | Killed Donald
 49443 | Snake:4  | Entered Level 4 of the Snake Pit
 49443 | Snake:4  | Noticed Vashnia
 49448 | Snake:4  | Reached skill level 13 in Evocations
 49451 | Snake:3  | Reached skill level 16 in Conjurations
 49456 | Snake:3  | HP: 41/165 [poisoned by a naga sharpshooter (splash of poison)]
 49461 | Snake:3  | HP: 40/165 [poisoned by a naga sharpshooter (splash of poison)]
 49468 | Snake:3  | HP: 40/165 [poisoned by a naga sharpshooter (splash of poison)]
 49475 | Snake:3  | HP: 40/165 [poisoned by a naga sharpshooter (splash of poison)]
 49483 | Snake:3  | HP: 41/165 [poisoned by a naga sharpshooter (splash of poison)]
 50006 | Snake:4  | Noticed CLM's ghost (adept HOFi)
 50031 | Snake:3  | HP: 23/165 [Vashnia/arrow (37)]
 50037 | Snake:3  | Killed Vashnia
 50038 | Snake:3  | HP: 34/165 [poisoned by Vashnia (splash of poison)]
 50048 | Snake:3  | HP: 34/165 [poisoned by Vashnia (splash of poison)]
 50054 | Snake:3  | HP: 35/165 [poisoned by Vashnia (splash of poison)]
 50709 | Snake:4  | Reached XP level 19. HP: 160/171 MP: 9/37
 50820 | Snake:4  | Offered knowledge of Lehudib's Crystal Spear by Vehumet.
 50820 | Snake:4  | Offered knowledge of Shatter by Vehumet.
 50820 | Snake:4  | Offered knowledge of Ignition by Vehumet.
 51094 | Snake:4  | Reached skill level 15 in Spellcasting
 51094 | Snake:4  | Reached skill level 14 in Evocations
 51304 | Snake:4  | Killed CLM's ghost
 52689 | Snake:4  | Got a serpentine rune of Zot
 53182 | Elf:1    | Entered Level 1 of the Elven Halls
 53498 | Elf:1    | Reached skill level 15 in Evocations
 53717 | Elf:1    | Found an ancient bone altar of Kikubaaqudgha.
 54477 | Elf:2    | Found Wair's Magic Scroll Shop.
 54591 | Elf:2    | Found a frozen archway.
 54608 | IceCv    | Entered an ice cave
 54716 | IceCv    | Reached XP level 20. HP: 181/181 MP: 23/39
 54784 | IceCv    | Reached skill level 17 in Conjurations
 54932 | Elf:2    | Found Keol's Book Emporium.
 54952 | Elf:2    | Learned a level 8 spell: Ignition
 55191 | Elf:2    | Found a runed door.
 55202 | Elf:2    | Found a runed door.
 55245 | Elf:2    | Noticed Louise
 55261 | Elf:2    | Killed Louise
 55885 | Elf:2    | Bought a scroll of teleportation for 57 gold pieces
 55885 | Elf:2    | Bought 3 scrolls of teleportation for 171 gold pieces
 55885 | Elf:2    | Bought 2 scrolls of teleportation for 114 gold pieces
 55885 | Elf:2    | Bought a scroll of identify for 38 gold pieces
 55885 | Elf:2    | Bought a scroll of enchant weapon for 142 gold pieces
 55885 | Elf:2    | Bought a scroll of magic mapping for 66 gold pieces
 56263 | Elf:3    | Entered Level 3 of the Elven Halls
 56809 | Elf:3    | Reached skill level 12 in Fighting
 56942 | Elf:3    | Reached skill level 13 in Earth Magic
 56943 | Elf:3    | Noticed Saint Roka
 56957 | Elf:3    | Killed Saint Roka
 57066 | Elf:3    | Reached skill level 16 in Spellcasting
 57512 | Elf:3    | Reached XP level 21. HP: 172/192 MP: 25/41
 57523 | Elf:3    | Cast into level 3 of the Abyss (a deep elf demonologist)
 57632 | Abyss:3  | Reached skill level 16 in Evocations
 57745 | Abyss:3  | Noticed a profane servitor
 57748 | Elf:3    | Escaped the Abyss
 58115 | Elf:3    | Got a brightly glowing lead ring
 58160 | Elf:3    | Identified the Incunabulum of Harmful Toxins
 58188 | Elf:3    | Got a heavily runed chain mail
 58192 | Elf:3    | Identified the cursed +0 chain mail of Fedhas's Supremacy {Str+5} (You found it on level 3 of the Elven Halls)
 58195 | Elf:3    | Identified the ring of Wyfyrche {rElec rPois rC+ Int+2 Dex-3} (You took it off a deep elf knight on level 3 of the Elven Halls)
 58232 | Elf:3    | Got a fine rapier
 58241 | Elf:3    | Got a dazzling scimitar
 58247 | Elf:3    | Identified the +6 scimitar "Vaobim" {slice, rElec rN++ MP-9 SInv} (You found it on level 3 of the Elven Halls)
 58253 | Elf:3    | Identified the +4 rapier of Juit {flame, MR++ Str+7 Dex-3} (You found it on level 3 of the Elven Halls)
 58740 | Vaults:1 | Entered Level 1 of the Vaults
 59612 | Vaults:1 | Reached skill level 18 in Conjurations
 59623 | Vaults:1 | Reached skill level 14 in Earth Magic
 60144 | Vaults:1 | Found Geskeusen's Armour Emporium.
 60370 | Vaults:1 | Got a fine emerald amulet
 60426 | Vaults:1 | Identified the amulet of the Establishment {Faith rElec rPois Str+7} (You found it on level 1 of the Vaults)
 60596 | Vaults:2 | Found a ruined gateway.
 60610 | Desolati | Entered the Desolation of Salt
 60625 | Desolati | Reached skill level 17 in Spellcasting
 60987 | Desolati | Reached XP level 22. HP: 200/200 MP: 32/43
 61191 | Desolati | Got an iridescent dagger
 61248 | Desolati | Got an ancient jade amulet
 61249 | Desolati | Identified the amulet "Jiumenge" {Spirit rPois rF+ Str-2 Int+4} (You found it in the Desolation of Salt)
 61610 | Desolati | Got an ancient scale mail
 61614 | Desolati | Got a brightly glowing shortbow
 61632 | Desolati | Identified the +6 scale mail "Tyrchuts" {rN+ rCorr Slay+2} (You found it in the Desolation of Salt)
 61755 | Desolati | Found the +7 Kryia's mail coat {PotionHeal*2 rC+}
 61924 | Vaults:2 | Noticed czar's ghost (veteran GrEE)
 62226 | Vaults:2 | Killed czar's ghost
 62375 | Vaults:2 | Reached skill level 13 in Fighting
 62550 | Vaults:2 | Found a staircase to the Crypt.
 62550 | Vaults:2 | Found a basalt altar of Yredelemnul.
 62551 | Vaults:2 | Found an ancient bone altar of Kikubaaqudgha.
 62612 | Vaults:2 | Identified the +10 dagger "Yjimysar" {pierce, Dex+2 Stlth+} (You found it in the Desolation of Salt)
 62614 | Vaults:2 | Identified the cursed +2 shortbow of the Rattle-Snake {freeze, MR+ Dex+2} (You found it in the Desolation of Salt)
 62618 | Vaults:2 | Got a bound golden ring
 62619 | Vaults:2 | Identified the ring of Mazi {rF+ rC+ Str+3 Int-4} (You found it on level 2 of the Vaults)
 62886 | Vaults:2 | Reached skill level 15 in Earth Magic
 63185 | Vaults:2 | Learned a level 9 spell: Shatter
 63223 | Vaults:2 | Reached skill level 18 in Spellcasting
 63577 | Vaults:3 | Found Ifyvef's Assorted Antiques.
 63823 | Vaults:3 | Reached skill level 19 in Conjurations
 63972 | Vaults:3 | Reached XP level 23. HP: 210/210 MP: 34/45
 64171 | Vaults:3 | Reached skill level 13 in Fire Magic
 64361 | Vaults:3 | Learned a level 4 spell: Passage of Golubria
 65032 | Vaults:4 | Noticed Frederick
 65040 | Vaults:4 | Killed Frederick
 65040 | Vaults:4 | Reached skill level 16 in Earth Magic
 65047 | Vaults:4 | HP: 46/210 [vault guard/war axe[a vault warden] (14)]
 65049 | Vaults:4 | HP: 2/210 [yaktaur/bolt (22)]
 65067 | Vaults:4 | HP: 29/210 [vault warden/bolt (6)]
 65069 | Vaults:4 | HP: 5/210 [fire giant/bolt of fire (14)]
 65071 | Vaults:4 | HP: 1/210 [fire giant/fireball (4)]
 65076 | Vaults:4 | HP: 6/210 [yaktaur/bolt[a vault warden] (12)]
 65085 | Vaults:4 | HP: 2/210 [fire giant/bolt of fire (4)]
 65086 | Vaults:4 | Shot with a bolt by a yaktaur

Skill      XL: |  1  2  3  4  5  6  7  8  9 10 11 12 13 14 15 16 17 18 19 20 21 22 23 |
---------------+----------------------------------------------------------------------+-----
Conjurations   | 2 3 4 6 7 9 10 11 12 13 14 15 16 17 18 19 | 19.5
Fighting       | 2 4 6 8 10 11 12 13 | 13.2
Spellcasting   | 4 5 6 8 10 11 12 13 14 15 16 17 18 | 18.1
Fire Magic     | 2 5 8 10 11 12 13 | 13.7
Earth Magic    | 1 5 8 9 11 12 13 14 15 16 | 16.0
Shields        | 3 5 |  5.0
Evocations     | 7 11 13 15 16 | 16.1
Dodging        | |  1.5
Stealth        | |  3.0
Summonings     | |  1.0
Translocations | |  1.0

Action                   |  1- 3 |  4- 6 |  7- 9 | 10-12 | 13-15 | 16-18 | 19-21 | 22-24 || total
-------------------------+-------+-------+-------+-------+-------+-------+-------+-------++-------
Melee: Unarmed           |     7 |       |       |       |       |       |       |       ||     7
       Staff             |     2 |    14 |       |       |       |       |       |       ||    16
       Quarterstaff      |       |    10 |    20 |   220 |   204 |    60 |    21 |       ||   535
       Constrict         |       |       |       |       |    48 |     7 |     3 |       ||    58
Throw: Javelin           |       |       |       |     2 |       |       |       |       ||     2
 Cast: Magic Dart        |    89 |   106 |   253 |   415 |    17 |     5 |     4 |       ||   889
       Mephitic Cloud    |       |     2 |    14 |    19 |       |       |     1 |       ||    36
       Blink             |       |       |     4 |     6 |       |     1 |       |     1 ||    12
       Bolt of Magma     |       |       |       |   110 |   165 |   218 |   202 |    79 ||   774
       Shock             |       |       |       |    10 |       |       |       |       ||    10
       Iron Shot         |       |       |       |     7 |    30 |    42 |   120 |    71 ||   270
       Orb of Destructio |       |       |       |     5 |    18 |    11 |    32 |    69 ||   135
       Fireball          |       |       |       |    26 |   150 |   208 |   188 |    69 ||   641
       Apportation       |       |       |       |       |    40 |    12 |    22 |     6 ||    80
       Spectral Weapon   |       |       |       |       |    18 |    15 |     7 |       ||    40
       Ignition          |       |       |       |       |       |       |     7 |    17 ||    24
       Summon Butterflie |       |       |       |       |       |       |       |     1 ||     1
 Abil: Spit Poison       |     7 |    13 |    31 |    39 |     8 |     2 |     1 |       ||   101
Evoke: Wand              |       |       |    15 |    13 |     4 |       |     2 |     4 ||    38
       Staff of energy   |       |       |       |       |       |       |    90 |   123 ||   213
       Crystal ball of e |       |       |       |       |       |       |     5 |     9 ||    14
       Sack of spiders   |       |       |       |       |       |       |       |     1 ||     1
  Use: Potion            |       |     1 |       |     6 |     2 |     6 |     3 |     9 ||    27
       Scroll            |       |     3 |     8 |    22 |    18 |     9 |    20 |    11 ||    91
 Stab: Paralysed         |       |       |       |     3 |     1 |       |     1 |       ||     5
       Distracted        |       |       |       |       |     2 |     2 |       |       ||     4
       Petrifying        |       |       |       |       |     2 |     2 |       |       ||     4
  Eat: Chunk             |     3 |     3 |     6 |    28 |    43 |    13 |    14 |     9 ||   119
       Ration            |       |     2 |     3 |     8 |    11 |    12 |     8 |     2 ||    46
Armor: Robe              |     5 |    16 |    60 |   114 |       |       |    16 |    37 ||   248
       Steam dragon scal |       |       |       |    61 |   174 |    93 |    79 |       ||   407
       Skin              |       |       |       |       |    10 |       |       |       ||    10
Dodge: Dodged            |    10 |    36 |    66 |   194 |   149 |    74 |    45 |    20 ||   594
Block: Buckler           |       |       |       |       |       |     2 |       |       ||     2

Vault maps used:
D:1:      nagdon_arrival_double_spiral, serial_forest,
          infiniplex_forest_lined_3_way, infiniplex_forest_clump_small,
          infiniplex_forest_lined_3, infiniplex_forest_clump_large,
          infiniplex_forest_lined_1, infiniplex_forest_corner_2,
          infiniplex_forest_lined_corner, infiniplex_forest_lined_3,
          hangedman_decor_clover_reticule
D:2:      uniq_crazy_yiuf_cottage, uniq_robin
D:3:      first_ration, uniq_ijyb
D:4:      serial_glass, glass_columns_a, glass_columns_b, glass_columns_a,
          glass_columns_c, glass_columns_c
D:5:      xom_teletrap_fun, serial_co_window_serial, co_window_corner_a,
          co_window_corner_a, co_window_paths_a, co_window_corner_a,
          co_window_paths_b, co_window_corner_a, co_window_corner_a,
          co_window_of_opportunity_c, co_window_2corner, co_window_broadway_c,
          co_window_2corner, co_window_paths_c, glass_columns_b,
          glass_columns_a, glass_columns_b, glass_columns_a, glass_columns_a,
          grunt_dithmenos_smoke_and_mirrors
D:6:      minmay_temple_entry_grid, serial_shops, shop, uniq_blork_the_orc,
          uniq_edmund, uniq_prince_ribbit1
D:7:      nicolae_overflow_hidden_temple, moated_statue, grunt_livestock,
          tgw_trog
D:8:      uniq_psyche
D:9:      kennysheep_kobold_camp, gammafunk_temple_overflow_wave, orc_david_3,
          hangedman_feature_mirror
D:10:     serial_shops, nicolae_shop_statue_plus
D:11:     minmay_ornate_pinched, minmay_lair_entry_lava
D:12:     basic_altar, minivault_15
D:14:     david_vaults_3, hangedman_abyss_or_decor_jellyfish_corner,
          st_stairs_11
D:15:     gammafunk_depths_entry_grave, fedhas_altar_1
Temple:   dpeg_five_rooms_temple
Lair:1:   lemuel_reptile_caves, guppyfry_lair_drakes
Lair:2:   minmay_swamp_entry_reptiles, ice2_lemuel, grunt_megastairs_1
Lair:3:   dummy_snake_entry, eino_small_chamber_without_monster
Lair:4:   infiniplex_staircase_pool, serial_bayou_shore_a, serial_bayou_shore_b,
          uniq_sonja
Lair:5:   slime_altar_1, basic_altar, uniq_josephine
Lair:6:   cheibrodos_lair_end_hotspot, lab_entry_generic,
          bobbens_ice_dragon_lair
Swamp:1:  evilmike_swamp_ruin_rubble_2
Swamp:2:  evilmike_swamp_ruin_rubble_1, swamp_pool3
Swamp:3:  serial_swamp_ruin, evilmike_swamp_ruin_house_4,
          evilmike_swamp_ruin_house_6, swamp_pool1
Swamp:4:  swamp_alternative, uniq_mara
Snake:1:  uniq_frances
Snake:2:  serial_shops, shop, minmay_shop_grove, uniq_aizul, uniq_agnes
Snake:3:  grunt_megastairs_3, minmay_shop_star, uniq_azrael, uniq_donald
Snake:4:  snake_pit, uniq_vashnia
Orc:1:    basic_altar
Orc:2:    st_orc_rangers, uniq_rupert
Elf:1:    eino_elf_arrival_customs, basic_altar, minivault_28
Elf:2:    serial_shops, shop_fountains, shop, portal_ice_cave_entry_pillars_1,
          st_stairs_13, spider_trap, uniq_louise
Elf:3:    grunt_elf_hall_diamonds, uniq_saint_roka
Vaults:1: nicolae_vaults_little_squares_6, hangedman_vaults_impose,
          ontoclasm_vaults_eye, st_star, hangedman_vaults_maws,
          vaults_dpeg_hooks, vaults_room_door_hall, v_misc_4, serial_ice_h,
          nicolae_vaults_mini_display_case, serial_shops, shop_statue
Vaults:2: nicolae_vaults_three_branches, hangedman_vaults_slither,
          minmay_crypt_entry_necro_gods, nicolae_vaults_ninety_degrees,
          v_rooms_5, nicolae_vaults_asterisk, v_misc_23, hangedman_vaults_pinch,
          portal_desolation_entry_nicolae_nacl
Vaults:3: vaults_dpeg_encased_lava, vaults_room_hallway,
          hangedman_vaults_corner_blocks, v_misc_1, v_misc_13, v_misc_17,
          v_rooms_5, v_misc_12, v_misc_18, ontoclasm_vaults_fault,
          nicolae_vaults_statue_guard, nicolae_vaults_circle_grid_b,
          vaults_room_hallway, serial_shops, shop
Vaults:4: hangedman_vaults_stretched_pinwheel, nicolae_vaults_rhombus_5,
          hangedman_vaults_nails, nicolae_vaults_what_the_h, v_misc_22,
          vaults_dpeg_ring, vaults_mumra_hex, v_misc_13,
          grunt_vaults_hallway_short, vaults_room_door_ring,
          vaults_mumra_chevron_long, v_pattern_4, serial_shops, shop,
          uniq_frederick
Lab:      labyrinth_hidden_loot, nicolae_lab_t_cross, nicolae_lab_do_over,
          nicolae_lab_very_dead_end, nicolae_lab_checkerboard,
          nicolae_lab_grate_2, labyrinth_baited_teleportation_trap,
          nicolae_lab_arrow, nicolae_lab_swirl, nicolae_lab_quarters
IceCv:    ice_cave_statue_garden_chambered

Table legend:
 A = Turns spent in this place as a percentage of turns spent in the entire game.
 B = Non-inter-level travel turns spent in this place as a percentage of non-inter-level travel turns spent in the entire game.
 C = Inter-level travel turns spent in this place as a percentage of turns spent in this place.
 D = Turns resting spent in this place as a percentage of non-inter-level travel turns spent in this place.
 E = Turns spent auto-exploring this place as a percentage of non-inter-level travel turns spent in this place.
 F = Non-inter-level travel turns spent in this place divided by the number of levels of this place that you've seen.
                   A       B       C       D       E      F
               +-------+-------+-------+-------+-------+----------------------
         Total | 100.0 | 100.0 |  14.6 |  44.1 |  29.6 | 1292.4
       Dungeon |  37.7 |  39.6 |  10.4 |  42.9 |  38.0 | 1467.3
        Temple |   0.4 |   0.4 |  18.9 |   0.0 |  98.2 | 223.0
          Lair |  16.9 |  17.6 |  11.1 |  44.5 |  30.3 | 1631.2
         Swamp |   8.8 |   9.7 |   6.0 |  51.3 |  34.0 | 1353.0
     Snake Pit |  12.8 |  12.1 |  19.7 |  58.3 |  24.5 | 1677.0
  Orcish Mines |   4.7 |   4.6 |  16.7 |  54.2 |  13.9 | 1270.5
   Elven Halls |   7.3 |   6.7 |  21.4 |  41.0 |  21.1 | 1237.7
        Vaults |   7.9 |   5.3 |  42.8 |  16.1 |  10.1 | 731.0
         Abyss |   0.3 |   0.4 |   0.0 |  14.2 |   0.0 | 225.0
     Labyrinth |   0.7 |   0.9 |   0.0 |  35.6 |   0.0 | 483.0
      Ice Cave |   0.5 |   0.6 |   0.0 |  54.5 |   0.0 | 312.0
    Desolation |   1.9 |   2.2 |   0.0 |  23.4 |   0.4 | 1235.0
               +-------+-------+-------+-------+-------+----------------------

Table legend:
 A = Kills in this place as a percentage of kills in entire the game.
 B = Kills by you in this place as a percentage of kills by you in the entire game.
 C = Kills by friends in this place as a percentage of kills by friends in the entire game.
 D = Other kills in this place as a percentage of other kills in the entire game.
 E = Experience gained in this place as a percentage of experience gained in the entire game.
 F = Experience gained in this place divided by the number of levels of this place that you have seen.
                   A       B       C       D       E      F
               +-------+-------+-------+-------+-------+----------------------
         Total | 100.0 | 100.0 | 100.0 | 100.0 | 100.0 | 17912.6
       Dungeon |  25.7 |  25.5 |  55.6 | 100.0 |   9.3 | 4775.1
          Lair |  11.6 |  11.6 |   0.0 |   0.0 |   6.5 | 8358.5
         Swamp |   9.4 |   9.5 |   0.0 |   0.0 |  11.5 | 22222.2
     Snake Pit |  12.3 |  12.4 |   0.0 |   0.0 |  17.9 | 34447.5
  Orcish Mines |   4.9 |   4.9 |   0.0 |   0.0 |   1.6 | 6299.0
   Elven Halls |  10.1 |  10.0 |  33.3 |   0.0 |  18.3 | 46940.3
        Vaults |  17.1 |  17.2 |  11.1 |   0.0 |  25.3 | 48661.0
         Abyss |   1.3 |   1.3 |   0.0 |   0.0 |   1.5 | 11538.0
     Labyrinth |   0.5 |   0.5 |   0.0 |   0.0 |   0.3 | 2618.0
      Ice Cave |   1.2 |   1.3 |   0.0 |   0.0 |   1.0 | 7358.0
    Desolation |   5.9 |   6.0 |   0.0 |   0.0 |   6.8 | 52209.0
               +-------+-------+-------+-------+-------+----------------------
